 Dungeon Crawl Stone Soup version 0.20-a0-61-ga1b20b4 (webtiles) character file.

4120 KristoblXynda the Covert (level 10, -4/84 HPs)
             Began as a Naga Monk on Nov 17, 2016.
             Was a Believer of Cheibriados.
             Slain by a sun demon (19 damage)
             ... summoned by a kobold demonologist
             ... on level 8 of the Dungeon.
             The game lasted 00:24:25 (10186 turns).

KristoblXynda the Covert (Naga Monk)               Turns: 10186, Time: 00:24:26

Health: -4/84      AC:  7    Str: 26      XL:     10   Next: 27%
Magic:  20/20      EV: 12    Int: 20 (22) God:    Cheibriados [**....]
Gold:   501        SH:  9    Dex: 17      Spells: 0 memorised, 9 levels left

rFire  . . .     SeeInvis +     a - +4 spear
rCold  . . .     Gourm    .     A - +0 robe of Onoas {rPois rCorr Str+7 Int+4 Dex-2}
rNeg   . . .     Faith    .     d - +0 buckler
rPois  +         Spirit   .     (no helmet)
rElec  .         Reflect  +     l - +2 cloak
rCorr  +         Harm     .     (no gloves)
MR     +....                    (no barding)
Stlth  +++++.....               b - +4 amulet of reflection
                                (no ring)
                                m - ring of magical power

@: drained, very slow
A: see invisible, deformed body, poison resistance, slowness 2, slow metabolism
1, spit poison 1, AC +3
a: Spit Poison, Bend Time, Renounce Religion


You were on level 8 of the Dungeon.
You worshipped Cheibriados.
Cheibriados was pleased with you.
You were not hungry.

You visited 2 branches of the dungeon, and saw 9 of its levels.

You collected 501 gold pieces.

Inventory:

Hand Weapons
 a - a +4 spear (weapon)
 u - the +8 whip "Worm" {slash, rC+}
   (You found it on level 6 of the Dungeon)

   It inflicts extra damage upon your enemies.
   It protects you from cold.
Armour
 d - a +0 buckler (worn)
 l - a +2 cloak (worn)
 A - the +0 robe of Onoas (worn) {rPois rCorr Str+7 Int+4 Dex-2}
   (You found it on level 8 of the Dungeon)

   It affects your strength (+7).
   It affects your intelligence (+4).
   It affects your dexterity (-2).
   It protects you from poison.
   It protects you from acid and corrosion.
Jewellery
 b - a +4 amulet of reflection (around neck)
 m - a ring of magical power (left hand)
Wands
 i - a wand of flame (26/48)
 y - a wand of confusion (21/48)
Scrolls
 g - 3 scrolls of amnesia
 k - a scroll of remove curse
 o - 2 scrolls of fog
 s - 3 scrolls of teleportation
Potions
 e - 3 potions of curing
 h - 2 potions of flight {unknown}
 j - a potion of resistance {unknown}
 n - a potion of invisibility {unknown}
 p - a potion of brilliance
 r - 2 potions of cancellation
 v - a potion of agility {unknown}
 w - a potion of magic {unknown}
Books
 t - a book of Minor Magic

   Spells                             Type                      Level
   a - Magic Dart                     Conjuration                  1
   b - Blink                          Translocation                2
   c - Call Imp                       Summoning                    2
   d - Repel Missiles                 Charms/Air                   2
   e - Slow                           Hexes                        2
   f - Conjure Flame                  Conjuration/Fire             3
   g - Mephitic Cloud                 Conjuration/Poison/Air       3
Comestibles
 c - 7 bread rations
 f - 2 meat rations
 x - 2 beef jerkies
 z - 6 slices of pizza


   Skills:
 - Level 3.0(2.4) Fighting
 - Level 8.5(7.9) Polearms
 - Level 3.3(2.8) Throwing
 + Level 3.3(2.8) Armour
 - Level 4.0(3.5) Dodging
 + Level 12.7(12.0) Stealth
 - Level 4.3(3.7) Shields
 + Level 1.4(0.9) Evocations


You had 9 spell levels left.
You didn't know any spells.

Dungeon Overview and Level Annotations

Branches:
Dungeon (8/15)             Temple (1/1) D:7
   Lair: D:8-11

Altars:
Ashenzari
Cheibriados
Gozag
Hepliaklqana
Kikubaaqudgha
Nemelex Xobeh
Qazlal
Ru
Zin
The Shining One

Shops:
D:7 %


Innate Abilities, Weirdness & Mutations

You cannot wear boots.
Your serpentine skin is tough. (AC +3)
You have supernaturally acute eyesight. (SInv)
Armour fits poorly on your strangely shaped body.
Your system is resistant to poisons. (rPois)
You cover ground very slowly.
You have a slow metabolism.
You can spit poison.


Message History

You completely miss the kobold demonologist.
The kobold demonologist is heavily wounded.
The neqoxec disappears in a puff of smoke!
The sun demon completely misses you.
You hit the kobold demonologist but do no damage.
The kobold demonologist is heavily wounded.
The kobold demonologist hits you but does no damage.
You hit the kobold demonologist.
The kobold demonologist is severely wounded.
You block the sun demon's attack.
You block the kobold demonologist's attack.
You puncture the kobold demonologist!
The kobold demonologist is almost dead.
The sun demon hits you!!
* * * LOW HITPOINT WARNING * * *
You are engulfed in flames!
* * * LOW HITPOINT WARNING * * *
The kobold demonologist hits you but does no damage.
You feel better. The sun demon hits you!!
You die...

#####.....#.#..........
#.....#...#.#..........
#.........(.#..........
#....>...(...........).
###.....##....#..........
#....##(........#####....
#.###....(##...( #....
#.#.......(.(.(. ......
#)#.#)..@K#.. .......
#...#.<..3#.. ........
#####.....# ........
#.....# ....##### #.....#
#.....# #######


You could see a sun demon and a kobold demonologist.

Vanquished Creatures
  A hippogriff (D:7)
  A human (D:7)
  4 hogs (D:7)
  A hungry ghost (D:8)
  A soldier ant (D:8)
  4 ice beasts
  A sky beast (D:7)
  2 phantoms
  3 ogres
  4 centaurs
  3 bullfrogs
  A wyvern skeleton (D:7)
  A scorpion (D:7)
  10 wights
  2 howler monkeys (D:5)
  A bullfrog zombie (D:8)
  A crimson imp (D:7)
  5 orc priests
  4 hounds
  2 jellies
  2 bullfrog skeletons
  5 worker ants
  2 orc wizards
  A hound zombie (D:7)
  A hound skeleton (D:6)
  A worker ant zombie (D:6)
  3 gnolls (D:5)
  11 adders
  A shadow imp (D:5)
  2 adder skeletons
  2 adder zombies
  2 worms
  2 dart slugs
  4 leopard geckos
  21 orcs
  5 giant cockroaches
  10 goblins
  6 hobgoblins
  11 jackals
  A quokka (D:2)
  8 bats
  3 frilled lizards
  9 kobolds
  A leopard gecko skeleton (D:3)
  4 rats
170 creatures vanquished.

Vanquished Creatures (others)
  A centaur (D:8)
  A giant cockroach (D:8)
2 creatures vanquished.

Grand Total: 172 creatures vanquished

Notes
Turn   | Place    | Note
-------+----------+-------------------------------------------
     0 | D:1      | KristoblXynda the Naga Monk began the quest for the Orb.
     0 | D:1      | Reached XP level 1. HP: 21/21 MP: 1/1
   231 | D:1      | Reached XP level 2. HP: 10/28 MP: 2/2
   657 | D:1      | Reached skill level 4 in Stealth
   925 | D:1      | Reached XP level 3. HP: 25/34 MP: 3/3
  1744 | D:2      | Found a glowing golden altar of the Shining One.
  1745 | D:2      | Found a hazy altar of Hepliaklqana.
  1997 | D:2      | Found a faded altar of an unknown god.
  2212 | D:2      | Reached XP level 4. HP: 40/42 MP: 4/4
  2526 | D:3      | Reached skill level 5 in Stealth
  3155 | D:4      | Reached XP level 5. HP: 28/49 MP: 5/5
  3458 | D:4      | Reached skill level 6 in Stealth
  3517 | D:4      | Reached XP level 6. HP: 44/56 MP: 6/6
  4472 | D:4      | Found an ancient bone altar of Kikubaaqudgha.
  4490 | D:4      | Reached skill level 5 in Polearms
  4490 | D:4      | Reached skill level 7 in Stealth
  4490 | D:4      | Reached XP level 7. HP: 47/62 MP: 7/7
  4852 | D:5      | Entered Level 5 of the Dungeon
  5164 | D:5      | Reached skill level 1 in Shields
  5561 | D:4      | Reached skill level 8 in Stealth
  5821 | D:5      | Reached XP level 8. HP: 34/69 MP: 8/8
  5853 | D:5      | Reached skill level 9 in Stealth
  6702 | D:6      | Reached skill level 1 in Throwing
  7058 | D:6      | Found an opulent altar of Gozag.
  7620 | D:6      | Reached skill level 10 in Stealth
  7683 | D:6      | Got a faintly glowing whip
  7697 | D:6      | Identified the +8 whip "Worm" {slash, rC+} (You found it on level 6 of the Dungeon)
  7877 | D:6      | Reached XP level 9. HP: 75/75 MP: 9/9
  8017 | D:7      | Found Qaf Bei's Food Boutique.
  8696 | D:7      | Reached skill level 11 in Stealth
  9015 | D:7      | Reached skill level 1 in Armour
  9286 | D:7      | Found a staircase to the Ecumenical Temple.
  9295 | Temple   | Entered the Ecumenical Temple
  9303 | Temple   | Became a worshipper of Cheibriados the Contemplative
  9303 | Temple   | Reached * piety under Cheibriados
  9303 | Temple   | Reached ** piety under Cheibriados
  9453 | D:7      | Reached skill level 12 in Stealth
  9453 | D:7      | Reached XP level 10. HP: 42/84 MP: 10/10
  9805 | D:8      | Found a stormy altar of Qazlal.
 10046 | D:8      | Got a twisted robe
 10057 | D:8      | Identified the +0 robe of Onoas {rPois rCorr Str+7 Int+4 Dex-2} (You found it on level 8 of the Dungeon)
 10136 | D:8      | Reached skill level 1 in Evocations
 10169 | D:8      | Noticed a kobold demonologist
 10178 | D:8      | Noticed a sun demon
 10186 | D:8      | Slain by a sun demon

Vault maps used:
D:1:      tarquinn_simple_flora_water_f
D:2:      gammafunk_temple_overflow_statue, first_bread, ecumenical_altar_1,
          minmay_octomino_j4
D:4:      kennysheep_mini_moat, grunt_tough_drop
D:6:      nicolae_gozag_seed_capital
D:7:      serial_shops, shop, nrook_pool_corridor, grunt_livestock
D:8:      nicolae_qazlal_general_emergency
Temple:   dshaligram_water_room_temple

Skill      XL: |  1  2  3  4  5  6  7  8  9 10 |
---------------+-------------------------------+-----
Stealth        | 4 5 6 7 8 10 12 | 12.7
Dodging        | 3 4 |  4.0
Polearms       | 4 5 6 8 |  8.5
Shields        | 1 3 4 |  4.3
Throwing       | 2 3 |  3.3
Armour         | 2 3 |  3.3
Evocations     | 1 |  1.4
Fighting       | |  3.0

Action                   |  1- 3 |  4- 6 |  7- 9 | 10-12 || total
-------------------------+-------+-------+-------+-------++-------
Melee: Spear             |   158 |   187 |   687 |    87 ||  1119
Throw: Javelin           |       |       |    53 |    22 ||    75
 Abil: Spit Poison       |    11 |    25 |    43 |     4 ||    83
  Use: Scroll            |       |    10 |     7 |       ||    17
       Potion            |       |     3 |     7 |     1 ||    11
 Stab: Sleeping          |     5 |     3 |     9 |     2 ||    19
       Distracted        |       |       |     1 |       ||     1
  Eat: Meat ration       |     1 |     1 |     1 |       ||     3
       Chunk             |     1 |       |     4 |     2 ||     7
       Beef jerky        |       |     1 |       |       ||     1
       Bread ration      |       |       |     1 |       ||     1
       Pizza             |       |       |       |     1 ||     1
Armor: Robe              |    28 |    28 |   127 |     8 ||   191
       Skin              |       |    28 |       |       ||    28
Dodge: Dodged            |   108 |    92 |   256 |    29 ||   485
Block: Other             |       |    12 |     3 |       ||    15
       Buckler           |       |       |   218 |    28 ||   246
       Reflection        |       |       |     1 |     3 ||     4
